 Dungeon Crawl Stone Soup version 0.17-a0-2109-g117576f (webtiles) character file.

66 axujen the Cudgeler (level 4, -1/44 HPs)
             Began as an Ogre Warper on Oct 19, 2015.
             Succumbed to a gnoll's poison
             ... on level 1 of the Dungeon.
             The game lasted 00:04:38 (1652 turns).

axujen the Cudgeler (Ogre Warper)                   Turns: 1652, Time: 00:04:38

Health: -1/44      AC:  3    Str: 16    XL:     4   Next: 15%
Magic:  16/16      EV: 10    Int: 12    God:
Gold:   30         SH:  0    Dex: 10    Spells: 2 memorised, 4 levels left

rFire  + . .     SeeInvis .     a - +0 mace
rCold  + . .     Clarity  .     b - +0 robe
rNeg   . . .     SustAt   .     (no shield)
rPois  +         Gourm    .     (helmet restricted)
rElec  +         Spirit   .     (no cloak)
rCorr  +         Warding  .     (gloves unavailable)
rMut   .         Stasis   .     (boots unavailable)
MR     .....                    (no amulet)
Stlth  +.........               (no ring)
                                o - ring of magical power

@: lethally poisoned (-1 -> -28), resistant, not resistant to hostile
enchantments, very unstealthy
A: unfitting armour, tough skin 1
a: no special abilities


You were on level 1 of the Dungeon.
You were hungry.

You visited 1 branch of the dungeon, and saw 2 of its levels.

You collected 30 gold pieces.

Inventory:

Hand Weapons
 a - a +0 mace (weapon)
Missiles
 e - 5 tomahawks of dispersal (quivered)
 h - 28 stones
 r - 13 poisoned needles
Armour
 b - a +0 robe (worn)
Jewellery
 o - a ring of magical power (left hand)
Scrolls
 d - 2 scrolls of blinking
 i - 2 scrolls of teleportation {unknown}
 j - a scroll of fear {unknown}
 k - a scroll of remove curse {unknown}
 n - a scroll of identify {unknown}
 p - a scroll of recharging {unknown}
 v - a scroll of enchant armour {unknown}
Potions
 l - 2 potions of curing {unknown}
 m - a potion of degeneration {unknown}
 q - 2 potions of resistance
Books
 c - a book of Spatial Translocations

   Spells                             Type                      Level
   a - Apportation                    Translocation                1
   b - Blink                          Translocation                2
   c - Shroud of Golubria             Charms/Translocation         2
   d - Portal Projectile              Translocation                3
   e - Teleport Other                 Translocation                3
   f - Passage of Golubria            Translocation                4
Comestibles
 f - 2 bread rations
 g - 2 fruits
 s - a royal jelly
 t - 2 meat rations
 w - a beef jerky


   Skills:
 - Level 2.6 Fighting
 + Level 5.7 Maces & Flails
 - Level 1.0 Throwing
 - Level 2.1 Dodging
 - Level 2.4 Spellcasting
 - Level 2.1 Translocations


You had 4 spell levels left.
You knew the following spells:

 Your Spells              Type           Power        Failure   Level  Hunger
a - Blink                 Tloc           N/A          17%         2    ###....
z - Apportation           Tloc           #.........   12%         1    ##.....


Dungeon Overview and Level Annotations

Branches:
Dungeon (2/15)

Altars:
Nemelex Xobeh


Innate Abilities, Weirdness & Mutations

You are too large for most types of armour.
You have tough skin (AC +1).


Message History

The gnoll is heavily wounded.
* * * LOW HITPOINT WARNING * * *
You feel sick. The gnoll barely misses you.
You hit the gnoll.
The gnoll is almost dead.
* * * LOW HITPOINT WARNING * * *
You feel sick. The gnoll barely misses you.
The gnoll hits you with a spear of venom!
* * * LOW HITPOINT WARNING * * *
You hit the gnoll but do no damage.
The gnoll is almost dead.
* * * LOW HITPOINT WARNING * * *
You feel sick.
The gnoll hits you with a spear of venom.
* * * LOW HITPOINT WARNING * * *
You are more poisoned.
Drink which item? (? for menu, Esc to quit)
It was a potion of resistance.
You feel protected.
You die...

..................#....##...###..
.....###.#.##.###)....###.### ###
.....# #.#.##...............#
....## #.#........##........#####
...## #....###...##.#..........#
.### #.#........##.............
.## ##........†..#........####.
..# ###...###....................
#.# #...#.....#.O.#..............
#.###.####.##)...g#............##
#..##.####.##.#...#............##
##......##....)...#...........###
####.#..........##...........##.
#####.##.....)...##..............
#.....##........................#
#+##..##[........#.............#.
≈≈≈#.###.........................


You could see a gnoll.

Vanquished Creatures
  A gnoll (D:1)
  An adder (D:2)
  2 oozes
  A worm (D:2)
  7 bats (D:1)
  4 giant cockroaches (D:1)
  6 goblins
  A hobgoblin (D:1)
  3 jackals (D:2)
  2 quokkas (D:2)
  A giant newt (D:2)
  4 kobolds
  A rat (D:1)
34 creatures vanquished.

Notes
Turn   | Place    | Note
--------------------------------------------------------------
     0 | D:1      | axujen the Ogre Warper began the quest for the Orb.
     0 | D:1      | Reached XP level 1. HP: 22/22 MP: 3/3
    36 | D:1      | Reached skill level 3 in Maces & Flails
    46 | D:1      | Reached XP level 2. HP: 29/29 MP: 5/5
   214 | D:1      | Reached skill level 4 in Maces & Flails
   359 | D:1      | Learned a level 2 spell: Blink
   739 | D:1      | Reached XP level 3. HP: 31/36 MP: 6/6
   801 | D:2      | Found a sparkling altar of Nemelex Xobeh.
  1125 | D:2      | Reached skill level 5 in Maces & Flails
  1373 | D:1      | Reached XP level 4. HP: 13/44 MP: 7/7
  1651 | D:1      | HP: 2/44 [gnoll/spear of venom (4)]
  1652 | D:1      | Succumbed to a gnoll's poison

Vault maps used:
D:1:      dpeg_arrival_orchard, minmay_misc_feat_columns, minmay_liquid_box
D:2:      old_standard_altar, first_bread

Action                   |  1- 3 |  4- 6 || total
-------------------------+-------+-------++-------
Melee: Mace              |   105 |    17 ||   122
 Cast: Apportation       |     2 |       ||     2
  Use: Potion            |       |     1 ||     1
  Eat: Chunk             |     1 |     1 ||     2
